Map: Neon Violet Square LE

Players

Trust - Winner!

  • Race: Protoss Protoss
  • Spawn Location: 5:00

Creator

  • Race: Protoss Protoss
  • Spawn Location: 11:00

Event: IEM Season 12 - Katowice

VOD

Have the link to the VOD?

Description

Time

  • Played on: Feb. 26, 2018, 9:30 a.m.
  • Length: 10:45
Show
View Real Time Build Order
Export as new Build Order

Trust Protoss - Winner!

Build Orders: Phoenix Opening, Mass Phoenix 

Get SALT Encoding   

  12  0:00  Probe  
  13  0:12  Probe  
  14  0:17  Pylon  
  14  0:24  Probe  
  15  0:35  Gateway  
  15  0:38  Probe (Chrono Boost)  
  16  0:43  Assimilator  
  16  0:47  Probe (Chrono Boost)  
  17  0:53  Probe (Chrono Boost)  
  17  0:56  Assimilator  
  18  1:06  Probe (Chrono Boost)  
  18  1:09  Gateway  
  19  1:12  Probe (Chrono Boost)  
  20  1:22  Cybernetics Core  
  20  1:24  Probe  
  21  1:34  Pylon  
  21  1:36  Probe  
  22  1:48  Probe  
  23  1:58  Stargate  
  23  2:00  Probe  
  24  2:05  Adept  
  24  2:06  Adept  
  28  2:12  Warp Gate  
  28  2:19  Pylon  
  28  2:42  Adept x2  
  28  2:43  Phoenix (Chrono Boost)  
  34  2:59  Phoenix  
  34  3:04  Pylon  
  36  3:24  Nexus  
  36  3:31  Phoenix (Chrono Boost)  
  38  3:37  Probe  
  39  3:47  Phoenix (Chrono Boost)  
  39  3:49  Probe  
  42  4:01  Probe  
  43  4:12  Phoenix (Chrono Boost)  
  43  4:13  Probe  
  46  4:25  Probe  
  47  4:34  Phoenix (Chrono Boost)  
  47  4:37  Probe  
  50  4:39  Sentry  
  50  4:40  Pylon  
  50  4:44  Probe  
  53  4:49  Probe  
  54  4:57  Phoenix (Chrono Boost), Zealot  
  58  5:03  Shield Battery  
  58  5:04  Stalker  
  60  5:07  Shield Battery  
  60  5:17  Pylon  
  60  5:19  Stalker  
  60  5:21  Shield Battery  
  62  5:24  Phoenix (Chrono Boost)  
  64  5:32  Shield Battery  
  64  5:34  Stalker  
  66  5:43  Stalker  
  64  5:54  Probe x2  
  60  6:06  Probe  
  60  6:07  Phoenix (Chrono Boost)  
  60  6:10  Probe (Chrono Boost)  
  60  6:18  Probe (Chrono Boost)  
  60  6:22  Probe (Chrono Boost)  
  60  6:23  Assimilator  
  60  6:24  Assimilator  
  62  6:26  Robotics Facility  
  62  6:27  Probe (Chrono Boost)  
  62  6:29  Probe (Chrono Boost)  
  62  6:32  Probe (Chrono Boost)  
  62  6:36  Probe  
  64  6:45  Probe  
  65  6:48  Probe  
  65  6:51  Nexus  
  66  6:54  Pylon  
  66  6:55  Sentry  
  66  6:57  Probe  
  70  7:02  Forge  
  70  7:14  Observer (Chrono Boost)  
  70  7:19  Gateway  
  70  7:21  Gateway  
  70  7:23  Gateway  
  70  7:24  Twilight Council  
  70  7:31  Gateway  
  70  7:33  Immortal (Chrono Boost)  
  70  7:36  Protoss Ground Weapons Level 1 (Chrono Boost)  
  74  7:43  Probe x2  
  76  7:50  Charge  
  76  7:55  Probe x2  
  76  8:02  Probe, Immortal (Chrono Boost)  
  81  8:07  Probe x2  
  83  8:12  Pylon  
  83  8:14  Probe  
  83  8:17  Gateway  
  83  8:18  Templar Archives  
  84  8:21  Zealot  
  86  8:29  Assimilator x2  
  86  8:30  Probe x3  
  86  8:33  Immortal (Chrono Boost)  
  93  8:47  Pylon  
  93  8:52  Probe x3  
  96  8:57  Gateway  
  96  8:58  Gateway  
  96  9:00  Gateway  
  96  9:10  Zealot x3  
  96  9:13  High Templar x2  
  96  9:15  Warp Prism (Chrono Boost)  
  106  9:19  Archon  
  106  9:20  High Templar x2  
  112  9:25  Pylon  
  112  9:29  Archon  
  112  9:30  High Templar x2  
  116  9:37  Pylon x2, Archon  
  116  9:38  Pylon  
  116  9:50  Pylon, Photon Cannon  
  116  10:01  Zealot x3  
  116  10:02  Zealot  
  124  10:08  Pylon  
  122  10:17  Pylon  
  122  10:26  Zealot x7  
  122  10:27  Zealot  
  138  10:31  Zealot x2  
Show
View Real Time Build Order
Export as new Build Order

Creator Protoss 

Build Orders: Oracle Opening 

Get SALT Encoding   

  12  0:00  Probe  
  13  0:12  Probe  
  14  0:17  Pylon  
  14  0:25  Probe (Chrono Boost)  
  15  0:37  Probe (Chrono Boost)  
  15  0:38  Gateway  
  16  0:45  Probe (Chrono Boost)  
  16  0:47  Assimilator  
  17  0:51  Probe  
  17  0:55  Assimilator  
  18  1:03  Probe (Chrono Boost)  
  19  1:13  Probe (Chrono Boost)  
  19  1:15  Gateway  
  20  1:18  Probe (Chrono Boost)  
  21  1:25  Cybernetics Core  
  21  1:29  Probe  
  22  1:34  Pylon  
  22  1:41  Probe  
  23  1:53  Probe  
  24  2:02  Stalker  
  24  2:03  Sentry  
  24  2:04  Warp Gate  
  24  2:06  Probe  
  29  2:13  Pylon  
  29  2:32  Stalker x2  
  33  2:42  Robotics Facility  
  33  2:59  Oracle  
  33  3:01  Nexus  
  33  3:16  Shield Battery  
  33  3:26  Immortal (Chrono Boost)  
  36  3:36  Pylon  
  36  3:41  Shield Battery  
  36  3:56  Gateway  
  36  4:02  Warp Prism (Chrono Boost)  
  38  4:12  Stalker  
  38  4:14  Stalker  
  42  4:17  Probe  
  42  4:22  Probe  
  44  4:30  Probe  
  45  4:34  Probe  
  43  4:43  Probe  
  44  4:48  Stalker x2  
  45  4:53  Stalker  
  45  4:57  Probe  
  48  5:13  Sentry x2  
  52  5:16  Adept  
  54  5:31  Stalker x3  
  50  5:53  Stalker  
  50  5:54  Stalker x2  
  44  6:02  Probe (Chrono Boost)  
  38  6:05  Probe (Chrono Boost)  
  34  6:14  Probe (Chrono Boost)  
  34  6:18  Probe (Chrono Boost), Stalker  
  34  6:19  Stalker  
  34  6:20  Stalker  
  34  6:21  Observer  
  34  6:22  Probe (Chrono Boost)  
  40  6:29  Probe (Chrono Boost)  
  39  6:35  Probe (Chrono Boost)  
  39  6:38  Probe (Chrono Boost)  
  40  6:40  Probe (Chrono Boost)  
  40  6:45  Stalker  
  40  6:46  Probe, Twilight Council  
  43  6:49  Probe  
  45  6:54  Stalker  
  45  7:00  Probe  
  48  7:01  Probe  
  48  7:02  Stalker  
  51  7:08  Observer  
  51  7:12  Probe  
  51  7:13  Probe  
  53  7:17  Blink (Chrono Boost)  
  53  7:19  Pylon  
  53  7:21  Assimilator  
  53  7:24  Probe  
  53  7:25  Probe  
  53  7:26  Assimilator  
  55  7:39  Nexus  
  55  7:42  Probe x2  
  53  7:54  Probe (Chrono Boost), Stalker x2  
  53  7:55  Probe (Chrono Boost)  
  58  8:06  Probe (Chrono Boost)  
  58  8:10  Pylon  
  58  8:12  Probe (Chrono Boost)  
  60  8:14  Probe (Chrono Boost)  
  60  8:18  Probe (Chrono Boost)  
  60  8:19  Forge  
  62  8:22  Sentry  
  62  8:23  Sentry  
  67  8:31  Immortal  
  70  8:35  Shield Battery  
  70  8:43  Gateway  
  70  8:44  Gateway  
  70  8:46  Protoss Ground Weapons Level 1 (Chrono Boost)  
  70  8:47  Probe x2  
  71  9:00  Assimilator  
  71  9:03  Templar Archives, Assimilator  
  71  9:13  Immortal (Chrono Boost)  
  75  9:25  Gateway x2  
  75  9:30  Gateway  
  75  9:34  Pylon  
  75  9:37  Zealot  
  77  9:40  High Templar  
  77  9:41  High Templar  
  81  9:47  Archon  
  81  9:48  High Templar  
  81  9:49  High Templar, Warp Prism (Chrono Boost)  
  87  9:53  Probe x2  
  87  9:55  Probe  
  90  10:00  Pylon  
  90  10:03  Pylon  
  90  10:13  High Templar  
  90  10:17  Archon  
  90  10:19  High Templar x2  
  94  10:23  Archon  
  94  10:24  Zealot x2  
  98  10:28  Zealot x2  
  99  10:36  Zealot  

Tags
 
Add a new tag
Caveats
  • Supply blocks, unpowered buildings, or Contaminate may cause inaccurate times.
  • Supply counts are checked every 10 seconds.